 Dungeon Crawl Stone Soup version 0.25.0-26-g0c896c7088 (console) character file.

Game seed: 9850350561183537687

84 Colgate the Chucker (level 4, 0/45 HPs)
             Began as an Ogre Hunter on July 3, 2020.
             Was a Follower of Kikubaaqudgha.
             Succumbed to an adder's poison
             ... on level 2 of the Dungeon.
             The game lasted 00:30:44 (1868 turns).

Colgate the Chucker (Ogre Hunter)                   Turns: 1868, Time: 00:30:44

Health: 0/45       AC:  3    Str: 17    XL:     4   Next: 46%
Magic:  4/4        EV: 10    Int: 12    God:    Kikubaaqudgha [*.....]
Gold:   29         SH:  0    Dex:  9    Spells: 2/3 levels left

rFire    . . .     SeeInvis .   g - +0 spear
rCold    . . .     Gourm    .   (no shield)
rNeg     . . .     Faith    .   b - +0 robe
rPois    .         Spirit   .   (helmet restricted)
rElec    .         Reflect  .   (no cloak)
rCorr    .         Harm     .   (gloves unavailable)
MR       +....                  (boots unavailable)
Stlth    +.........             (no amulet)
HPRegen  0.15/turn              l - ring of protection from magic
MPRegen  0.09/turn              (no ring)

@: lethally poisoned (0 -> -7)
A: large, unfitting armour, tough skin 1
a: Receive Corpses, Renounce Religion


You were on level 2 of the Dungeon.
You worshipped Kikubaaqudgha.
Kikubaaqudgha was aware of your devotion.
You were hungry.

You visited 1 branch of the dungeon, and saw 2 of its levels.

You collected 29 gold pieces.

Inventory:

Hand Weapons
 a - a +0 short sword
 g - a +0 spear (weapon)
 i - a +0 spear
Missiles
 c - 25 stones (quivered)
 d - 2 throwing nets
Armour
 b - a +0 robe (worn)
Jewellery
 l - a ring of protection from magic (left hand)
Scrolls
 k - a scroll of identify {unknown}
Potions
 e - 2 potions of curing {unknown}
 m - a potion of might {unknown}
 n - a potion of lignification {unknown}
Comestibles
 f - 4 rations
 h - a chunk of flesh


   Skills:
 + Level 3.1 Fighting
 + Level 0.7 Polearms
 + Level 5.2 Throwing
 + Level 2.0 Dodging
 + Level 1.0 Stealth
 + Level 0.2 Spellcasting


You had 2 spell levels left.
You knew the following spells:

 Your Spells              Type           Power        Failure   Level  Hunger
a - Animate Skeleton      Necr           N/A          32%         1    ##.....

Your spell library contained the following spells:

 Spells                   Type           Power        Failure   Level  Hunger
 Pain                     Necr           #...         32%         1    ##.....
 Sublimation of Blood     Necr           #.........   45%         2    ###....
 Vampiric Draining        Necr           #.........   69%         3    ####...


Dungeon Overview and Level Annotations

Branches:
Dungeon (2/15)

Altars:
Kikubaaqudgha


Innate Abilities, Weirdness & Mutations

You are too large for most types of armour.
You have tough skin. (AC +1)


Message History

* * * LOW HITPOINT WARNING * * *
The adder bites you.
* * * LOW HITPOINT WARNING * * *
You are more poisoned.
The adder poisons you!
You barely miss the adder.
The adder is severely wounded.
You feel sick. The adder bites you.
* * * LOW HITPOINT WARNING * * *
You are lethally poisoned!
The adder poisons you!
You hit the adder.
The adder is almost dead.
* * * LOW HITPOINT WARNING * * *
You feel sick. The adder bites you but does no damage. The adder bites you.
* * * LOW HITPOINT WARNING * * *
You closely miss the adder.
The adder is almost dead.
You die...
Kikubaaqudgha rasps: "You have failed me!
Welcome... death!"

.# #....... .# ##.#.#### .#
#.......Z .# #♣♣♣♣♣♣.♣ .# ♣♣♣♣.♣
.# ♣♣._♣♣♣ .# ######
###########♣Z♣Z♣.♣ .# #....#
#..........♣♣♣♣Z♣♣ .# #....#
#..........♣..Z♣♣♣
.####....#######..........♣♣.♣♣♣Z
....'.........gS@.........♣♣ZZ.Z♣
#####....#....K########.##.♣♣♣♣♣♣
# #....#.....# #..♣.ZZZ.♣. #
#....#....[# #.Z..♣.♣.Z. #
#....#..(..# #.##......# ###
######.....# #Z####.#### ...
#.....########Z## #.# ...
#.............).# #.# ...
#...............# #.# ...
####............###)#### ###
#................<..#


You could see an adder, a goblin and a kobold.

Vanquished Creatures
  An adder (D:2)
  A gnoll (D:1)
  An ooze (D:1)
  A worm (D:2)
  3 dart slugs
  4 bats
  4 giant cockroaches
  5 goblins
  6 hobgoblins
  7 jackals
  2 quokkas (D:2)
  5 frilled lizards
  2 kobolds (D:1)
  5 rats
47 creatures vanquished.

Vanquished Creatures (collateral kills)
  A hobgoblin (D:2)
  A jackal (D:2)
2 creatures vanquished.

Grand Total: 49 creatures vanquished

Notes
Turn   | Place    | Note
-------+----------+-------------------------------------------
     0 | D:1      | Colgate the Ogre Hunter began the quest for the Orb.
     0 | D:1      | Reached XP level 1. HP: 22/22 MP: 1/1
    22 | D:1      | Reached XP level 2. HP: 29/29 MP: 2/2
   274 | D:1      | Reached XP level 3. HP: 34/36 MP: 3/3
   309 | D:1      | Reached skill level 1 in Stealth
   865 | D:1      | Reached skill level 5 in Throwing
  1285 | D:2      | Reached XP level 4. HP: 43/45 MP: 4/4
  1522 | D:2      | Found a faded altar of an unknown god.
  1525 | D:2      | Became a worshipper of Kikubaaqudgha
  1525 | D:2      | Reached * piety under Kikubaaqudgha
  1525 | D:2      | Identified Kikubaaqudgha's Tome of Stolen Souls
                  | (Kikubaaqudgha gifted it to you on level 2 of the Dungeon)
  1525 | D:2      | Received a gift from Kikubaaqudgha
  1529 | D:2      | Learned a level 1 spell: Animate Skeleton
  1867 | D:2      | HP: 1/45 [adder (3)]
  1868 | D:2      | Succumbed to an adder's poison

Illustrated notes

Levels and vault maps discovered:
D:1:      lemuel_arrival_funnel, layout_basic, chequers_serial_rivers_room_b
D:2:      layout_basic, old_standard_altar, chequers_ecumenical_altar_grove,
          uniq_robin

Skill      XL: |  1  2  3  4 |
---------------+-------------+-----
Stealth        | 1 |  1.0
Fighting       | 3 |  3.1
Throwing       | 5 |  5.2
Dodging        | 2 |  2.0
Polearms       | |  0.7
Spellcasting   | |  0.2

Action                   |  1- 3 |  4- 6 || total
-------------------------+-------+-------++-------
Melee: Spear             |    71 |    51 ||   122
Throw: Large rock        |    45 |    10 ||    55
       Stone             |     2 |     1 ||     3
 Cast: Animate Skeleton  |       |     4 ||     4
  Eat: Chunk             |     1 |     2 ||     3
Armor: Robe              |    38 |    12 ||    50
Dodge: Dodged            |    53 |    28 ||    81
